 Dungeon Crawl Stone Soup version 0.17.1-1-g73c8601 (webtiles) character file.

288 shmeve the Chopper (level 6, 0/56 HPs)
             Began as a Minotaur Berserker on Apr 23, 2016.
             Was a Believer of Trog.
             Slain by an orc
             ... wielding a +0 trident
              (5 damage)
             ... on level 3 of the Dungeon.
             The game lasted 00:04:03 (2184 turns).

shmeve the Chopper (Minotaur Berserker)             Turns: 2184, Time: 00:04:03

Health: 0/56       AC: 12    Str: 23    XL:     6   Next: 9%
Magic:  5/5        EV:  9    Int:  4    God:    Trog [**....]
Gold:   130        SH:  0    Dex: 10    Spells: 0 memorised, 5 levels left

rFire  . . .     SeeInvis .     a - +0 hand axe
rCold  . . .     Clarity  .     n - +0 chain mail
rNeg   . . .     SustAt   .     (no shield)
rPois  .         Gourm    .     (helmet restricted)
rElec  .         Spirit   .     g - +2 cloak
rCorr  .         Warding  .     (no gloves)
rMut   .         Stasis   .     (no boots)
MR     .....                    (no amulet)
Stlth  ..........               (no ring)
                                (no ring)

@: not resistant to hostile enchantments, extremely unstealthy
A: retaliatory headbutt, horns 2
a: Berserk, Trog's Hand, Burn Spellbooks, Renounce Religion


You were on level 3 of the Dungeon.
You worshipped Trog.
Trog was pleased with you.
You were not hungry.

You visited 1 branch of the dungeon, and saw 3 of its levels.

You collected 130 gold pieces.

Inventory:

Hand Weapons
 a - a +0 hand axe (weapon)
Missiles
 p - 7 tomahawks (quivered)
Armour
 g - a +2 cloak (worn)
 n - a +0 chain mail (worn)
Wands
 b - a wand of fire (9)
Scrolls
 f - 3 scrolls of identify {unknown}
 i - 2 scrolls of teleportation {unknown}
 k - 2 scrolls of fog {unknown}
 m - 2 scrolls of magic mapping {unknown}
 o - a scroll of blinking {unknown}
 s - a scroll of amnesia {unknown}
Potions
 e - 2 potions of heal wounds {unknown}
 j - a potion of agility {unknown}
 r - a potion of curing {unknown}
Comestibles
 c - 3 bread rations
 d - a slice of pizza
 h - a beef jerky
 l - a royal jelly
 q - 2 chunks of flesh


   Skills:
 * Level 5.0 Fighting
 * Level 5.2 Axes
 + Level 1.7 Throwing
 + Level 3.8 Armour
 + Level 3.8 Dodging


You had 5 spell levels left.
You didn't know any spells.

Dungeon Overview and Level Annotations

Branches:
Dungeon (3/15)

Altars:
Cheibriados


Innate Abilities, Weirdness & Mutations

You reflexively headbutt those who attack you in melee.
You have a pair of horns on your head.


Message History

The orc priest shouts!
You hear a shout!
You hear a shout!
You hear a shout!
A hobgoblin, an orc and an orc wizard come into view.
The orc shouts!
The orc wizard shouts!
The orc priest looks braver for a moment.
You barely miss the orc priest.
The orc priest mumbles some strange prayers to Beogh against you.
Something smites you!
* * * LOW HITPOINT WARNING * * *
The orc completely misses you.
You slash the orc priest!
The orc priest is severely wounded.
The orc priest hits you but does no damage.
The orc wizard mumbles some strange words.
The orc wizard blinks!
The orc hits you but does no damage.
The orc priest hits you but does no damage.
You barely miss the orc priest.
The orc priest is heavily wounded.
You barely miss the hobgoblin.
The orc hits you from afar with a trident.
You die...

#.# #..... #.#
...#### #####..
#.# .......
......( #.# .....#
####.. #.# .....#
#.. #.# .....# #..
#.# o....# #..
#.#########o....##
##..
#.........@g......
......
##############+#.#
###### ######
#..... #.....
#..... #.....
#..... ######


You could see an orc priest, an orc and a hobgoblin.

Vanquished Creatures
  An orc warrior (D:3)
  Ijyb (D:3)
  7 adders
  4 gnolls (D:3)
  4 worms
  A giant gecko (D:1)
  3 orcs (D:3)
  A ball python (D:3)
  A giant cockroach (D:2)
  5 goblins
  15 hobgoblins
  3 jackals (D:2)
  4 kobolds
  2 bats
  2 giant newts
  3 rats
57 creatures vanquished.

Notes
Turn   | Place    | Note
--------------------------------------------------------------
     0 | D:1      | shmeve the Minotaur Berserker began the quest for the Orb.
     0 | D:1      | Reached XP level 1. HP: 19/19 MP: 0/0
   261 | D:1      | Reached XP level 2. HP: 25/27 MP: 1/1
   497 | D:1      | Reached skill level 4 in Axes
   658 | D:1      | Reached ** piety under Trog
   718 | D:2      | Reached skill level 1 in Throwing
   718 | D:2      | Reached XP level 3. HP: 29/33 MP: 2/2
  1149 | D:2      | Reached XP level 4. HP: 31/40 MP: 3/3
  1635 | D:3      | Noticed Ijyb
  1647 | D:3      | Killed Ijyb
  1675 | D:3      | Reached XP level 5. HP: 11/47 MP: 4/4
  2003 | D:3      | Found a snail-covered altar of Cheibriados.
  2110 | D:3      | Noticed an orc warrior
  2117 | D:3      | Killed an orc warrior
  2117 | D:3      | Reached skill level 5 in Fighting
  2117 | D:3      | Reached skill level 5 in Axes
  2117 | D:3      | Reached XP level 6. HP: 10/56 MP: 5/5
  2184 | D:3      | Slain by an orc

Action                   |  1- 3 |  4- 6 || total
-------------------------+-------+-------++-------
Melee: Hand axe          |    55 |    63 ||   118
Throw: Tomahawk          |     4 |    14 ||    18
Invok: Berserk           |       |     2 ||     2
       Burn Spellbooks   |       |     1 ||     1
 Stab: Sleeping          |     3 |     1 ||     4
  Eat: Chunk             |     1 |     5 ||     6
